 Dungeon Crawl Stone Soup version 0.30-a0-509-gd016549fea (webtiles) character file.

Game seed: 650152135606344542

20898 KennySheep the Ogre Mage (level 12, -5/124 HPs)
             Began as an Ogre Conjurer on Dec 22, 2022.
             Was the Champion of Cheibriados.
             Shot with an arrow by a centaur warrior (25 damage)
             ... on level 13 of the Dungeon.
             The game lasted 00:44:46 (16381 turns).

KennySheep the Ogre Mage (Ogre Conjurer)           Turns: 16381, Time: 00:44:47

Health: -5/124     AC:  6    Str: 29    XL:     12   Next: 84%
Magic:  1/25       EV: 14    Int: 38    God:    Cheibriados [******]
Gold:   730        SH:  0    Dex: 22    Spells: 19/30 levels left

rFire   . . .      SeeInvis .    a - staff of conjuration
rCold   . . .      Faith    +    (no shield)
rNeg    . . .      Spirit   .    g - +2 robe {Archmagi}
rPois   .          Reflect  .    (helmet restricted)
rElec   .          Harm     .    B - +0 cloak
rCorr   .          Rampage  .    (gloves unavailable)
Will    ++...      Archmagi +    (boots unavailable)
Stlth   +++.......               y - amulet of faith
HPRegen 0.40/turn                m - +4 ring of evasion
MPRegen 0.19/turn                n - ring of willpower

@: very slow
A: large, unfitting armour, tough skin 1
a: Renounce Religion, Bend Time, Temporal Distortion, Slouch, Step From Time


You were on level 13 of the Dungeon.
You worshipped Cheibriados.
Cheibriados was exalted by your worship.
You visited 1 branch of the dungeon, and saw 13 of its levels.
You also visited: Ossuary.

You collected 1066 gold pieces.
You spent 336 gold pieces at shops.

Inventory:

Hand Weapons
 b - a +2 dagger of venom
 D - a +2 dagger of protection
 M - a +0 great mace
Missiles
 s - a throwing net
Armour
 g - a +2 robe of the Archmagi (worn)
 B - a +0 cloak (worn)
Magical Staves
 a - a staff of conjuration (weapon)
Jewellery
 m - a +4 ring of evasion (left hand)
 n - a ring of willpower (right hand)
 q - a ring of ice
 y - an amulet of faith (around neck)
 G - a ring of protection from fire
 J - a ring of positive energy
 K - a ring of flight
 O - a ring of protection from cold
 P - a +6 ring of intelligence
Wands
 l - a wand of roots (11)
 E - a wand of flame (61)
 F - a wand of paralysis (20)
 N - a wand of digging (5)
Scrolls
 e - a scroll of enchant weapon
 f - 7 scrolls of noise
 k - 6 scrolls of teleportation
 o - 3 scrolls of fear
 p - 7 scrolls of identify
 r - 2 scrolls of brand weapon
 u - 2 scrolls of enchant armour
 w - 3 scrolls of torment
 x - a scroll of amnesia
 C - 4 scrolls of vulnerability
 Q - a scroll of magic mapping
Potions
 c - a potion of cancellation
 d - 4 potions of heal wounds
 h - 15 potions of curing
 i - a potion of degeneration
 j - 3 potions of might
 t - 2 potions of haste {unknown}
 v - a potion of brilliance {unknown}
 z - a potion of resistance
 A - 4 potions of attraction
 H - 2 potions of mutation {unknown}
 I - a potion of flight
 L - a potion of invisibility


   Skills:
 + Level 9.5 Fighting
 * Level 4.6 Maces & Flails
 - Level 1.7 Dodging
 + Level 4.5 Stealth
 + Level 9.7 Spellcasting
 - Level 7.3 Conjurations
 + Level 9.0 Translocations
 - Level 7.7 Poison Magic
 + Level 7.7 Invocations


You had 19 spell levels left.
You knew the following spells:

 Your Spells              Type           Power      Damage    Failure   Level
a - Magic Dart            Conj           100%       1d8       1%          1
c - Iskenderun's Mystic   Conj/Tloc      100%       2d19      1%          4
d - Blink                 Tloc           100%       N/A       1%          2
e - Olgreb's Toxic Radia  Pois           86%        N/A       1%          4

Your spell library contained the following spells:

 Spells                   Type           Power      Damage    Failure   Level
 Apportation              Tloc           100%       N/A       1%          1
 Kiss of Death            Conj/Necr      100%       2d13      1%          1
 Necrotise                Necr           100%       1d9       1%          1
 Sting                    Tmut/Pois      100%       1d8       1%          1
 Summon Small Mammal      Summ           100%       N/A       1%          1
 Cigotuvi's Dreadful Rot  Necr/Pois/Air  100%       N/A       1%          2
 Poisonous Vapours        Pois/Air       100%       N/A       1%          2
 Searing Ray              Conj           100%       2d8       1%          2
 Dazzling Flash           Conj/Hex       100%       N/A       1%          3
 Manifold Assault         Tloc           92%        N/A       1%          4
 Scorch                   Fire           54%        2d7       3%          2
 Flame Wave               Conj/Fire      81%        2d18      4%          4
 Fulminant Prism          Conj/Hex       40%        3d19      4%          4
 Call Canine Familiar     Summ           27%        N/A       6%          3
 Confusing Touch          Hex            27%        N/A       6%          3
 Summon Guardian Golem    Hex/Summ       27%        N/A       6%          3
 Dispel Undead            Necr           27%        3d13      21%         4
 Leda's Liquefaction      Hex/Erth       13%        N/A       21%         4
 Petrify                  Tmut/Erth      27%        N/A       21%         4
 Death Channel            Necr           13%        N/A       97%         6
 Summon Cactus Giant      Summ           13%        N/A       97%         6
 Haunt                    Necr/Summ      13%        N/A       100%        7
 Storm Form               Tmut/Air       13%        N/A       100%        7


Dungeon Overview and Level Annotations

Branches:
Dungeon (13/15)            Temple (0/1) D:7            Lair (0/5) D:8
    Orc (0/2) D:12        Ossuary (visited)
 Vaults: D:13-14

Altars:
Cheibriados
Dithmenos
Qazlal
Uskayaw
Wu Jian
Zin
The Shining One

Shops:
D:7 *

Annotations:
D:4 1 runed translucent door, PyroL's ghost, amateur DjCj


Innate Abilities, Weirdness & Mutations

You are too large for most types of armour.
You have tough skin. (AC +1)


Message History

* * * LOW HITPOINT WARNING * * *
The raiju blinks!
The centaur moves out of view.
You hear a shout!
Casting: Iskenderun's Mystic Blast (mildly dangerous; 1% risk of failure)
Confirm with . or Enter, or press ? or * to list all spells.
You feel a strong surge of power!
You erupt in a blast of force!
The mystic blast hits the centaur!
The centaur is moderately wounded.
The centaur is knocked back by the mystic blast.
The centaur slams into the rock wall!
The centaur is severely wounded.
The mystic blast hits the raiju!
The raiju is moderately wounded.
The raiju is knocked back by the mystic blast.
The raiju slams into the rock wall!
The raiju is heavily wounded.
The centaur shoots an arrow.
The arrow misses you. The raiju bites you but does no damage.
Casting: Iskenderun's Mystic Blast (mildly dangerous; 1% risk of failure)
Confirm with . or Enter, or press ? or * to list all spells.
You feel a strong surge of power!
You erupt in a blast of force!
The mystic blast hits the centaur!!
You kill the centaur!
Cheibriados thoroughly appreciates the change of pace.
The mystic blast hits the raiju!!
The raiju is almost dead.
The raiju is knocked back by the mystic blast.
The raiju slams into the rock wall!
You kill the raiju!
Cheibriados appreciates the change of pace.
The raiju's shape twists and changes as it dies.
A centaur warrior comes into view.
The centaur warrior wields a +0 shortbow.
The centaur warrior shoots an arrow.
The arrow misses you.
A centaur comes into view.
The centaur warrior shoots an arrow.
The arrow barely misses you.
A boulder beetle comes into view.
There is a stone staircase leading up here.
The centaur warrior shoots an arrow.
The arrow hits you!!
You die...

. .#### ## ....
##..###..# # #
#........#.##..
.#........#...B.
....)###.......#
.........#.##.^#
.#.....#@.....(#
...###.#..###...
##.....c.†# ##
#.###c#### #. #.
##


You could see a boulder beetle (wandering), a centaur warrior and a centaur.

Vanquished Creatures
  A hydra (D:8)
  Erolcha (D:10)
  A boulder beetle (D:11)
  Urug (D:10)
  4 ugly things
  A manticore (D:11)
  Pikel (D:5)
  A cyclops (D:7)
  Maurice (D:8)
  Joseph (D:7)
  Psyche (D:10)
  Maggie (D:6)
  A gargoyle (D:8)
  2 kobold demonologists (D:11)
  4 trolls
  Grinder (D:6)
  2 slime creatures (D:8)
  2 hornets
  A raiju (shapeshifter) (D:13)
  Sigmund (D:4)
  2 shadows
  2 wyverns
  3 wraiths
  A basilisk (D:12)
  22 yaks
  4 steam dragons
  3 acid dragons
  2 water moccasins
  8 orc warriors
  3 sky beasts
  3 black bears
  4 ice beasts
  6 centaurs
  3 ogres
  A phantom (D:5)
  A lemure (D:5)
  6 kobold brigands
  14 bullfrogs
  3 scorpions (D:5)
  6 wights
  6 killer bees
  6 howler monkeys
  5 centaur zombies (Ossuary)
  4 orc priests
  3 hounds
  2 jellies
  4 iguanas
  4 gnoll boudas
  8 orc wizards
  7 mummies (Ossuary)
  Robin (D:3)
  11 adders
  18 gnolls
  A shadow imp (D:7)
  4 white imps
  An ufetubus (D:5)
  3 adder zombies (Ossuary)
  A worm (D:2)
  5 dart slugs
  20 orcs
  6 ball pythons
  7 endoplasms
  4 giant cockroaches
  7 hobgoblins
  4 quokkas
  7 bats
  A frilled lizard (D:3)
  8 goblins
  4 goblin zombies (Ossuary)
  3 hobgoblin zombies (Ossuary)
  10 kobolds
  5 kobold zombies (Ossuary)
  6 quokka zombies (Ossuary)
  3 rats
  4 rat zombies (Ossuary)
  3 toadstools (D:1)
322 creatures vanquished.

Vanquished Creatures (others)
  An orc warrior (D:8)
  6 plants
  A toadstool (D:1)
8 creatures vanquished.

Grand Total: 330 creatures vanquished

Notes
Turn   | Place    | Note
-------+----------+-------------------------------------------
     0 | D:1      | KennySheep the Ogre Conjurer began the quest for the Orb.
     0 | D:1      | Reached XP level 1. HP: 16/16 MP: 3/3
   314 | D:1      | Reached XP level 2. HP: 18/24 MP: 0/5
   485 | D:1      | Reached skill level 1 in Translocations
   900 | D:1      | Reached XP level 3. HP: 31/31 MP: 5/7
  2097 | D:3      | Learned a level 2 spell: Searing Ray
  2100 | D:3      | Learned a level 2 spell: Blink
  2155 | D:3      | Found a stormy altar of Qazlal.
  2213 | D:3      | Noticed Robin
  2216 | D:3      | Killed Robin
  2217 | D:3      | Reached XP level 4. HP: 33/39 MP: 3/8
  2467 | D:3      | Reached XP level 5. HP: 36/45 MP: 1/9
  2725 | D:3      | Identified the +2 robe of the Barracuda {rElec Will+ Int-4
                  | SInv}
  2742 | D:3      | Learned a level 4 spell: Iskenderun's Mystic Blast
  2878 | D:3      | Noticed an ogre
  2976 | D:3      | Found a snail-covered altar of Cheibriados.
  2986 | D:3      | Found an ornate altar of the Wu Jian Council.
  3008 | D:3      | Became a worshipper of Cheibriados the Contemplative
  3269 | D:3      | Found a hide-covered altar of Uskayaw.
  3292 | D:3      | Killed an ogre
  3293 | D:3      | Reached skill level 5 in Conjurations
  3293 | D:3      | Reached XP level 6. HP: 16/53 MP: 5/11
  3796 | D:4      | Found the +3 Mad Mage's Maulers {Infuse+∞ RegenMP Int-3}
  4173 | D:4      | Noticed Sigmund
  4184 | D:4      | Killed Sigmund
  4184 | D:4      | Reached * piety under Cheibriados
  4185 | D:4      | Reached XP level 7. HP: 59/59 MP: 11/13
  4778 | D:4      | Found a runed translucent door.
  4778 | D:4      | Noticed PyroL's ghost (amateur DjCj)
  5074 | D:5      | Entered Level 5 of the Dungeon
  5290 | D:5      | Reached XP level 8. HP: 59/60 MP: 10/15
  5423 | D:5      | Reached skill level 5 in Spellcasting
  5423 | D:5      | Reached skill level 5 in Translocations
  5558 | D:5      | Reached ** piety under Cheibriados
  5881 | D:5      | Reached skill level 1 in Fighting
  6399 | D:6      | Noticed Maggie
  6633 | D:6      | Noticed Pikel
  6745 | D:5      | Reached skill level 1 in Invocations
  6745 | D:5      | Reached XP level 9. HP: 79/80 MP: 8/17
  6931 | D:5      | Killed Pikel
  7132 | D:6      | Reached *** piety under Cheibriados
  7397 | D:6      | Learned a level 4 spell: Olgreb's Toxic Radiance
  7702 | D:6      | Killed Maggie
  8037 | D:6      | Noticed Grinder
  8046 | D:6      | Killed Grinder
  8047 | D:6      | Reached skill level 5 in Fighting
  8047 | D:6      | Reached XP level 10. HP: 96/96 MP: 7/20
  8559 | D:7      | Found a glowing golden altar of the Shining One.
  8578 | D:7      | Found Cujbiqa's Commerce Corner.
  8657 | D:7      | Bought a staff of conjuration for 300 gold pieces
  8657 | D:7      | Bought a scroll of teleportation for 36 gold pieces
  8674 | D:7      | Found a staircase to the Ecumenical Temple.
  8679 | D:7      | Noticed Joseph
  8686 | D:7      | Killed Joseph
  8686 | D:7      | Reached **** piety under Cheibriados
  9172 | D:7      | Reached skill level 5 in Poison Magic
  9372 | D:7      | Noticed a cyclops
  9379 | D:7      | Killed a cyclops
  9380 | D:7      | Reached skill level 5 in Invocations
  9614 | D:7      | Reached ***** piety under Cheibriados
 10058 | D:8      | Found a sand-covered staircase.
 10066 | Ossuary  | Entered an ossuary
 11084 | D:8      | Found a glowing golden altar of the Shining One.
 11084 | D:8      | Found a shadowy altar of Dithmenos.
 11090 | D:8      | Found an ornate altar of the Wu Jian Council.
 11090 | D:8      | Found a glowing silver altar of Zin.
 11103 | D:8      | Reached XP level 11. HP: 107/107 MP: 17/22
 11305 | D:8      | Noticed an eight-headed hydra
 11727 | D:9      | Reached ****** piety under Cheibriados
 11930 | D:8      | Noticed a cyan ugly thing
 12151 | D:8      | Noticed Maurice
 12157 | D:8      | Killed Maurice
 12157 | D:8      | Killed a cyan ugly thing
 12243 | D:8      | Identified the +4 falchion "Riacs" {flame, Str+4 Int+4}
 12556 | D:8      | Killed an eight-headed hydra
 12813 | D:10     | Entered Level 10 of the Dungeon
 12887 | D:10     | Noticed Erolcha
 12902 | D:10     | Killed Erolcha
 13393 | D:10     | Reached skill level 1 in Maces & Flails
 13393 | D:10     | Reached XP level 12. HP: 122/122 MP: 12/24
 13529 | D:10     | Noticed Psyche
 13536 | D:10     | Killed Psyche
 14005 | D:10     | Noticed Urug
 14012 | D:10     | Killed Urug
 14350 | D:11     | Noticed a boulder beetle
 14360 | D:11     | Killed a boulder beetle
 14691 | D:11     | Identified the +1 long sword "Arcanum" {drain, Int+3}
 15768 | D:8      | Got Sif Muna's Monograph on Terrestrial Evil Deeds
 15937 | D:8      | Found a staircase to the Lair.
 16341 | D:12     | Found a staircase to the Orcish Mines.
 16379 | D:13     | Noticed a centaur warrior
 16380 | D:13     | Noticed a boulder beetle
 16381 | D:13     | Shot with an arrow by a centaur warrior

Illustrated notes

Levels and vault maps discovered:
D:1:      ldierk_water_garden, layout_loops_ring
D:2:      layout_basic, grunt_decor_arrowhead, hangedman_decor_slide_cut,
          chequers_serial_rivers_micro_d
D:3:      layout_basic, nicolae_uskayaw_suspiria,
          mainiacjoe_overflow_catwalk_spiral, mainiacjoe_overflow_alcove_1,
          nicolae_grassy_gnolls, uniq_robin
D:4:      layout_loops_corners, gammafunk_ghost_grave, grunt_ministairs_4,
          serial_bayou_pond_d, uniq_sigmund
D:5:      layout_basic, st_stairs_9
D:6:      layout_cave_pools, grunt_decor_junction, uniq_pikel, uniq_grinder,
          uniq_maggie
D:7:      layout_cave_pools, nicolae_tso_carved_into_rock,
          minmay_temple_entry_wispy, st_stairs_8, nicolae_alphabet_shops,
          minmay_hedge_maze, nzn_random_ring, uniq_joseph
D:8:      minmay_the_grid_octo_tiled_octocenter [minmay_the_grid_octo_chip,
          minmay_the_grid_octo_focus, minmay_the_grid_octo_toaster,
          minmay_the_grid_octo_shrine, minmay_the_grid_octo_prize_big_c,
          minmay_the_grid_square_5x5_minivault,
          minmay_the_grid_square_5x5_three,
          minmay_the_grid_square_5x5_broken_cross,
          minmay_the_grid_square_5x5_checkered_sparse], layout_rooms,
          enter_ossuary_2, uniq_maurice
D:9:      layout_gridville
D:10:     layout_roguey, hangedman_decor_opposing, uniq_urug, uniq_psyche,
          uniq_erolcha
D:11:     layout_basic
D:12:     layout_loops_cross, minmay_orc_entry_temple_large, st_stairs_9,
          grunt_ministairs_12
D:13:     minmay_expanding_circles, layout_basic

Skill      XL: |  1  2  3  4  5  6  7  8  9 10 11 12 |
---------------+-------------------------------------+-----
Translocations | 1 2 3 4 6 7 8 9 |  9.0
Conjurations   | 4 5 6 7 |  7.3
Spellcasting   | 3 4 5 6 7 8 9 |  9.7
Fighting       | 2 5 6 8 9 |  9.5
Invocations    | 1 3 5 6 7 |  7.7
Poison Magic   | 4 6 7 |  7.7
Stealth        | 3 4 |  4.5
Maces & Flails | 1 4 |  4.6
Dodging        | |  1.7

Action                   |  1- 3 |  4- 6 |  7- 9 | 10-12 || total
-------------------------+-------+-------+-------+-------++-------
Melee: Unarmed           |     9 |       |       |       ||     9
       Dagger            |    13 |    22 |    31 |    33 ||    99
       Punch             |       |     1 |       |     1 ||     2
       Staff             |       |       |       |    37 ||    37
       Great mace        |       |       |       |     3 ||     3
 Cast: Magic Dart        |    74 |    61 |    75 |       ||   210
       Searing Ray       |     1 |     4 |    17 |       ||    22
       Iskenderun's Myst |       |       |    41 |   156 ||   197
       Olgreb's Toxic Ra |       |       |       |    54 ||    54
Evoke: Wand              |       |       |     1 |     2 ||     3
  Use: Potion            |       |     2 |     3 |     6 ||    11
       Scroll            |       |     1 |     9 |    14 ||    24
Armor: Robe              |     2 |     6 |    18 |    59 ||    85
Dodge: Dodged            |     8 |    15 |    32 |   185 ||   240

Table legend: (Time is in decaauts)
 A = Elapsed time spent in this place.
 B = Non-inter-level travel time spent in this place.
 C = Inter-level travel time spent in this place.
 D = Time resting spent in this place.
 E = Time spent auto-exploring this place.
 F = Levels seen in this place.
 G = Mean time per level.
                   A        B        C        D        E       F      G
               +--------+--------+--------+--------+--------+-----+--------+
         Total |  20461 |  19463 |    998 |   4766 |  11900 |  14 | 1461.5 |
       Dungeon |  19326 |  18328 |    998 |   4446 |  11383 |  13 | 1486.6 |
       Ossuary |   1134 |   1134 |      0 |    320 |    516 |   1 | 1134.0 |
               +--------+--------+--------+--------+--------+-----+--------+

Top non-repeatable levels by time:
     D:7: 2422 daAuts
     D:5: 2355 daAuts
    D:10: 2113 daAuts
     D:8: 2050 daAuts
     D:3: 1719 daAuts
     D:4: 1665 daAuts
    D:11: 1652 daAuts
     D:6: 1631 daAuts
     D:9: 1211 daAuts
 Ossuary: 1134 daAuts
     D:1: 1125 daAuts
     D:2: 992 daAuts
    D:12: 371 daAuts
    D:13: 14 daAuts
